 Dungeon Crawl Stone Soup version 0.27-a0-1308-gc08437e49b (webtiles) character file.

Game seed: 3030751417180059091

2 mandarbmax the Caller (level 1, -1/13 HPs)
             Began as a Merfolk Summoner on June 19, 2021.
             Slain by a quokka (2 damage)
             ... on level 1 of the Dungeon.
             The game lasted 00:00:52 (192 turns).

mandarbmax the Caller (Merfolk Summoner)             Turns: 192, Time: 00:00:53

Health: -1/13      AC:  2    Str:  8    XL:     1   Next: 40%
Magic:  2/3        EV: 13    Int: 14    God:
Gold:   0          SH:  0    Dex: 14    Spells: 3/4 levels left

rFire    . . .     SeeInvis .   (no weapon)
rCold    . . .     Faith    .   (no shield)
rNeg     . . .     Spirit   .   a - +0 robe
rPois    .         Reflect  .   (no helmet)
rElec    .         Harm     .   (no cloak)
rCorr    .         Rampage  .   (no gloves)
Will     .....                  (no boots)
Stlth    ++........             (no amulet)
HPRegen  0.04/turn              (no ring)
MPRegen  0.08/turn              (no ring)

@: no status effects
A: (nimble swimmer 2), mertail
a: no special abilities


You were on level 1 of the Dungeon.
You visited 1 branch of the dungeon, and saw 1 of its levels.

Inventory:

Armour
 a - a +0 robe (worn)


   Skills:
 + Level 3.0 Dodging
 - Level 2.1 Stealth
 - Level 2.0 Spellcasting
 + Level 4.0 Summonings


You had 3 spell levels left.
You knew the following spells:

 Your Spells              Type           Power      Damage    Failure   Level
a - Summon Small Mammal   Summ           48%        N/A       4%          1

Your spell library contained the following spells:

 Spells                   Type           Power      Damage    Failure   Level
 Call Imp                 Summ           12%        N/A       7%          2
 Call Canine Familiar     Summ           12%        N/A       14%         3
 Summon Guardian Golem    Hex/Summ       7%         N/A       30%         3
 Summon Ice Beast         Ice/Summ       7%         N/A       71%         4
 Summon Lightning Spire   Summ/Air       7%         N/A       71%         4


Dungeon Overview and Level Annotations

Branches:
Dungeon (1/15)

Altars:


Innate Abilities, Weirdness & Mutations

((You are quick and stealthy near water. (Stealth+, EV+, Speed+++)))
Your lower body shifts to a powerful aquatic tail in water.


Message History

You hit the hobgoblin but do no damage. The hobgoblin hits you.
Your rat bites the hobgoblin.
The hobgoblin hits your rat.
Your quokka barely misses the hobgoblin.
An endoplasm comes into view.
Your rat barely misses the hobgoblin.
Unknown command.
The hobgoblin closely misses your rat.
Your quokka bites the hobgoblin.
Your rat misses the hobgoblin. The hobgoblin barely misses your rat.
Your quokka bites the hobgoblin.
The hobgoblin dies!
Your rat bites the endoplasm but does no damage.
The endoplasm barely misses your rat.
The kobold throws a stone.
The stone misses your quokka. The stone hits you but does no damage.
Your rat bites the endoplasm.
Casting: Summon Small Mammal (safe; 4% risk of failure)
Confirm with . or Enter, or press ? or * to list all spells.
The quokka bites you.
* * * LOW HITPOINT WARNING * * *
The endoplasm closely misses your rat.
The kobold throws a stone.
The stone misses your quokka. The stone hits you.
* * * LOW HITPOINT WARNING * * *
Your quokka bites the quokka but does no damage.
Your rat bites the endoplasm.
Unknown command.
The endoplasm hits your rat.
Your rat dies!
Your rat's corpse disappears in a puff of smoke!
Your quokka bites the quokka.
Your quokka closely misses the quokka.
Something closely misses your quokka. The quokka barely misses you.
The kobold throws a stone.
The stone hits your quokka but does no damage.
The quokka barely misses you.
The kobold throws a stone.
The stone closely misses your quokka. The stone closely misses your rat.
The stone hits the quokka.
A dart slug comes into view.
Found a robe.
The quokka bites you.
You die...

########### #.[........#
#........... ...
#............. ....
..###....w......... ...
................> ...
..#..............#
#.###.#..@...........#
#.....#..r...........#
###.#.#.###r...........###
#.....(...#..............
#.#.#.#.#.###r#........#
.. #.#.......#........#
#.#.###.###.#.#.#........#
#......<......#K#........#
#.#.###.###.#.#.####.....#


You could see a dart slug, a quokka (ally target), a kobold, a friendly quokka
(summoned) and a friendly rat (summoned).

Vanquished Creatures (collateral kills)
  A hobgoblin (D:1)
  2 bats (D:1)
  A rat (D:1)
4 creatures vanquished.

Notes
Turn   | Place    | Note
-------+----------+-------------------------------------------
     0 | D:1      | mandarbmax the Merfolk Summoner began the quest for the
                  | Orb.
     0 | D:1      | Reached XP level 1. HP: 13/13 MP: 3/3
   192 | D:1      | Slain by a quokka

Illustrated notes

Levels and vault maps discovered:
D:1:      roderic_chinese_lattice_arrival, layout_basic,
          hellmonk_ecumenical_altar_heavens_door, serial_shops,
          nicolae_shop_stone

Skill      XL: |  1 |
---------------+----+-----
Dodging        | 3 |  3.0
Stealth        | |  2.1
Spellcasting   | |  2.0
Summonings     | |  4.0

Action                   || total
-------------------------++-------
Melee: Unarmed           ||     9
 Cast: Summon Small Mamm ||     6
 Stab: Sleeping          ||     1
Armor: Robe              ||    11
Dodge: Dodged            ||     6

Table legend: (Time is in decaauts)
 A = Elapsed time spent in this place.
 B = Non-inter-level travel time spent in this place.
 C = Inter-level travel time spent in this place.
 D = Time resting spent in this place.
 E = Time spent auto-exploring this place.
 F = Levels seen in this place.
 G = Mean time per level.
                   A        B        C        D        E       F      G
               +--------+--------+--------+--------+--------+-----+--------+
         Total |    192 |    192 |      0 |    126 |     20 |   1 |  192.0 |
       Dungeon |    192 |    192 |      0 |    126 |     20 |   1 |  192.0 |
               +--------+--------+--------+--------+--------+-----+--------+

Top non-repeatable levels by time:
     D:1: 192 daAuts
